 Dungeon Crawl Stone Soup version 0.27-a0-463-gec7707c53d (webtiles) character file.

Game seed: 11316706890430000192

79 pokeman the Magician (level 4, -2/25 HPs)
             Began as a Deep Elf Hedge Wizard on Feb 28, 2021.
             Slain by a phantom (4 damage)
             ... on level 2 of the Dungeon.
             The game lasted 00:06:04 (2324 turns).

pokeman the Magician (Deep Elf Hedge Wizard)        Turns: 2324, Time: 00:06:05

Health: -2/25      AC:  3    Str:  7    XL:     4   Next: 16%
Magic:  6/13       EV: 13    Int: 20    God:
Gold:   92         SH:  0    Dex: 14    Spells: 3/14 levels left

rFire    . . .     SeeInvis .   a - +0 dagger
rCold    . . .     Faith    .   (no shield)
rNeg     . . .     Spirit   .   b - +0 robe
rPois    .         Reflect  .   c - +0 hat
rElec    .         Harm     .   (no cloak)
rCorr    .         Rampage  .   h - +0 pair of gloves
Will     .....                  (no boots)
Stlth    ++........             (no amulet)
HPRegen  0.08/turn              (no ring)
MPRegen  0.13/turn              (no ring)

@: no status effects
A: no striking features
a: no special abilities


You were on level 2 of the Dungeon.
You visited 1 branch of the dungeon, and saw 2 of its levels.

You collected 92 gold pieces.

Inventory:

Hand Weapons
 a - a +0 dagger (weapon)
Missiles
 e - 2 curare-tipped darts
Armour
 b - a +0 robe (worn)
 c - a +0 hat (worn)
 h - a +0 pair of gloves (worn)
Scrolls
 d - a scroll of identify {unknown}
 f - 2 scrolls of magic mapping {unknown}
 g - a scroll of enchant weapon {unknown}
 i - a scroll of fog {unknown}
 j - a scroll of amnesia {unknown}
 k - a scroll of blinking {unknown}


   Skills:
 - Level 1.0 Fighting
 - Level 1.0 Armour
 + Level 2.5 Dodging
 - Level 2.4 Stealth
 * Level 5.6 Spellcasting
 + Level 2.1 Conjurations
 - Level 1.1 Summonings
 - Level 1.1 Translocations
 + Level 0.3 Fire Magic


You had 3 spell levels left.
You knew the following spells:

 Your Spells              Type           Power        Failure   Level
a - Magic Dart            Conj           56%          4%          1
b - Mephitic Cloud        Conj/Pois/Air  8%           24%         3
c - Call Imp              Summ           10%          11%         2
d - Blink                 Tloc           N/A          11%         2
e - Conjure Flame         Conj/Fire      10%          19%         3

Your spell library contained the following spells:

 Spells                   Type           Power        Failure   Level
 Slow                     Hex            5%           17%         2


Dungeon Overview and Level Annotations

Branches:
Dungeon (2/15)

Altars:


Message History

Press: ? - help, Shift-Dir - straight line, f/p - phantom
Aim: a phantom (lightly damaged, 0% to evade)
The magic dart hits the phantom.
The phantom is lightly damaged.
The phantom barely misses you.
Casting: Magic Dart (safe; 4% risk of failure)
Confirm with . or Enter, or press ? or * to list all spells.
Aiming: Magic Dart (safe; 4% risk of failure)
Press: ? - help, Shift-Dir - straight line, f/p - phantom
Aim: a phantom (lightly damaged, 0% to evade)
The magic dart hits the phantom.
The phantom is moderately damaged.
The phantom barely misses you.
Casting: Magic Dart (safe; 4% risk of failure)
Confirm with . or Enter, or press ? or * to list all spells.
Aiming: Magic Dart (safe; 4% risk of failure)
Press: ? - help, Shift-Dir - straight line, f/p - phantom
Aim: a phantom (moderately damaged, 0% to evade)
The magic dart hits the phantom but does no damage.
The phantom is moderately damaged.
The phantom hits you!
Casting: Magic Dart (safe; 4% risk of failure)
Confirm with . or Enter, or press ? or * to list all spells.
Aiming: Magic Dart (safe; 4% risk of failure)
Press: ? - help, Shift-Dir - straight line, f/p - phantom
Aim: a phantom (moderately damaged, 0% to evade)
The magic dart hits the phantom.
The phantom is heavily damaged.
The phantom hits you.
* * * LOW HITPOINT WARNING * * *
The phantom blinks!
You blink.
Found a club, a robe and a spear.
A kobold comes into view. It is wielding a +0 whip.
Unknown command.
Unknown command.
The phantom hits you.
* * * LOW HITPOINT WARNING * * *
The phantom blinks!
You blink.
The phantom hits you.
You die...

#############
#.).......W.#
#.......K..@#
............#
...[........###
#..........#
#..).ยง...#.#
####.#####.#######
...#...........#
#####.###.......########
...................


You could see a phantom and a kobold.

Vanquished Creatures
  3 adders (D:2)
  2 worms (D:2)
  3 leopard geckos
  A giant cockroach (D:1)
  10 goblins
  3 hobgoblins (D:1)
  6 kobolds
  6 bats
  3 frilled lizards (D:1)
  3 rats (D:1)
40 creatures vanquished.

Notes
Turn   | Place    | Note
-------+----------+-------------------------------------------
     0 | D:1      | pokeman the Deep Elf Hedge Wizard began the quest for the
                  | Orb.
     0 | D:1      | Reached XP level 1. HP: 10/10 MP: 7/7
   337 | D:1      | Reached XP level 2. HP: 16/16 MP: 5/9
   715 | D:1      | Reached skill level 5 in Spellcasting
   922 | D:1      | Reached XP level 3. HP: 20/20 MP: 3/11
   926 | D:1      | Learned a level 3 spell: Mephitic Cloud
   929 | D:1      | Learned a level 2 spell: Call Imp
   932 | D:1      | Learned a level 2 spell: Blink
   936 | D:1      | Learned a level 3 spell: Conjure Flame
  1385 | D:2      | Reached skill level 1 in Fighting
  1385 | D:2      | Reached skill level 1 in Armour
  2156 | D:2      | Reached XP level 4. HP: 25/25 MP: 4/13
  2312 | D:2      | Noticed a phantom
  2324 | D:2      | Slain by a phantom

Illustrated notes

Levels and vault maps discovered:
D:1:      nicolae_arrival_memento_mori, layout_loops_ring
D:2:      layout_basic, minmay_tripent

Skill      XL: |  1  2  3 |
---------------+----------+-----
Spellcasting   | 5 |  5.6
Fighting       | 1 |  1.0
Armour         | 1 |  1.0
Conjurations   | 2 |  2.1
Dodging        | |  2.5
Stealth        | |  2.4
Summonings     | |  1.1
Translocations | |  1.1
Fire Magic     | |  0.3

Action                   |  1- 3 |  4- 6 || total
-------------------------+-------+-------++-------
Melee: Dagger            |     8 |       ||     8
 Cast: Magic Dart        |    97 |    15 ||   112
       Conjure Flame     |     3 |       ||     3
       Mephitic Cloud    |     3 |       ||     3
       Call Imp          |     2 |       ||     2
 Stab: Confused          |     1 |       ||     1
Armor: Robe              |       |     1 ||     1
Dodge: Dodged            |    13 |     5 ||    18

Table legend: (Time is in decaauts)
 A = Elapsed time spent in this place.
 B = Non-inter-level travel time spent in this place.
 C = Inter-level travel time spent in this place.
 D = Time resting spent in this place.
 E = Time spent auto-exploring this place.
 F = Levels seen in this place.
 G = Mean time per level.
                   A        B        C        D        E       F      G
               +--------+--------+--------+--------+--------+-----+--------+
         Total |   2324 |   2277 |     47 |    126 |   1851 |   2 | 1162.0 |
       Dungeon |   2324 |   2277 |     47 |    126 |   1851 |   2 | 1162.0 |
               +--------+--------+--------+--------+--------+-----+--------+

Top non-repeatable levels by time:
     D:1: 1307 daAuts
     D:2: 1017 daAuts
